 Dungeon Crawl Stone Soup version 0.25-a0-105-g2289b3b9f1 (console) character file.

Game seed: 14924791266770096150, levelgen mode: deterministic

9309 Kagalorn the Thaumaturge (level 11, -1/81 HPs)
             Began as a Gnoll Air Elementalist on Nov 16, 2019.
             Was a Priest of Sif Muna.
             Slain by a spiny frog (9 damage)
             ... on level 1 of the Lair of Beasts.
             The game lasted 00:42:24 (9403 turns).

Kagalorn the Thaumaturge (Gnoll Air Elementalist)   Turns: 9403, Time: 00:42:25

Health: -1/81      AC: 16    Str: 11    XL:     11   Next: 44%
Magic:  23/23      EV: 15    Int: 21    God:    Sif Muna [***...]
Gold:   133        SH:  6    Dex: 15    Spells: 20/26 levels left

rFire    + + .     SeeInvis .   W - +2 hand axe (flame)
rCold    . . .     Gourm    .   R - +0 buckler
rNeg     . . .     Faith    .   P - +2 ring mail {rF+}
rPois    .         Spirit   .   u - +0 helmet
rElec    .         Reflect  .   M - +0 cloak
rCorr    .         Harm     .   w - +2 pair of gloves
MR       .....                  X - +1 pair of boots
Stlth    ++++......             k - amulet of the acrobat
HPRegen  0.23/turn              C - ring of protection from fire
MPRegen  0.18/turn              p - ring of stealth

@: lethally poisoned (-1 -> -13)
A: distributed training, fangs 1, strong nose
a: Channel Magic, Forget Spell, Renounce Religion


You were on level 1 of the Lair of Beasts.
You worshipped Sif Muna.
Sif Muna was most pleased with you.
You were very hungry.

You visited 3 branches of the dungeon, and saw 12 of its levels.

You collected 627 gold pieces.
You spent 494 gold pieces at shops.

Inventory:

Hand Weapons
 a - a +1 flail of crushing
 b - a +1 dagger of venom
 U - a +0 trident of piercing
 W - a +2 hand axe of flaming (weapon)
Missiles
 d - 119 bolts
 e - 261 stones
 f - 205 arrows
 r - 65 sling bullets
 v - 27 poisoned darts (quivered)
Armour
 u - a +0 helmet (worn)
 w - a +2 pair of gloves (worn)
 I - a +0 chain mail of magic resistance
 M - a +0 cloak (worn)
 N - the +4 buckler "Seathrop" {-Cast Int+5 Dex+5}
   (You found it on level 7 of the Dungeon)

   It affects your intelligence (+5).
   It affects your dexterity (+5).
   It prevents spellcasting.
 P - a +2 ring mail of fire resistance (worn)
 R - a +0 buckler (worn)
 X - a +1 pair of boots (worn)
Jewellery
 k - an amulet of the acrobat (around neck)
 o - an uncursed ring of flight
 p - a ring of stealth (right hand)
 B - an uncursed ring of flight
 C - a ring of protection from fire (left hand)
 O - an uncursed ring of positive energy
 T - an uncursed ring of fire
Wands
 x - a wand of iceblast (5)
 H - a wand of enslavement (13)
 Q - a wand of paralysis (7)
Scrolls
 i - a scroll of silence
 j - 5 scrolls of remove curse
 m - 7 scrolls of teleportation
 q - 3 scrolls of amnesia
 y - 5 scrolls of magic mapping
 A - 2 scrolls of enchant weapon
 G - a scroll of identify
 K - 4 scrolls of fog
 L - 2 scrolls of blinking
 S - 2 scrolls of enchant armour {unknown}
 V - a scroll of torment {unknown}
Potions
 g - 4 potions of heal wounds
 h - a potion of cancellation
 l - a potion of berserk rage
 n - 2 potions of agility
 t - a potion of magic
 z - 2 potions of lignification
 D - 2 potions of flight
 E - 2 potions of might
 F - a potion of brilliance
 J - a potion of resistance {unknown}
Comestibles
 c - 30 rations


   Skills:
 + Level 6.2 Fighting
 + Level 6.2 Short Blades
 + Level 6.2 Long Blades
 + Level 6.2 Axes
 + Level 6.2 Maces & Flails
 + Level 6.2 Polearms
 + Level 6.2 Staves
 + Level 6.2 Slings
 + Level 6.2 Bows
 + Level 6.2 Crossbows
 + Level 6.2 Throwing
 + Level 6.2 Armour
 + Level 7.8 Dodging
 + Level 7.5 Stealth
 + Level 6.2 Shields
 + Level 6.2 Unarmed Combat
 + Level 8.0 Spellcasting
 + Level 5.6 Conjurations
 + Level 5.1 Hexes
 + Level 5.1 Charms
 + Level 5.1 Summonings
 + Level 5.1 Necromancy
 + Level 5.1 Translocations
 + Level 5.1 Transmutations
 + Level 5.1 Fire Magic
 + Level 5.1 Ice Magic
 + Level 7.6 Air Magic
 + Level 5.1 Earth Magic
 + Level 5.1 Poison Magic
 + Level 6.8 Invocations
 + Level 6.2 Evocations


You had 20 spell levels left.
You knew the following spells:

 Your Spells              Type           Power        Failure   Level  Hunger
a - Shock                 Conj/Air       ####         1%          1    None
b - Static Discharge      Conj/Air       #####...     3%          3    None
h - Swiftness             Chrm/Air       #####...     1%          2    None

Your spell library contained the following spells:

 Spells                   Type           Power        Failure   Level  Hunger
 Beastly Appendage        Tmut           ####..       1%          1    None
 Flame Tongue             Conj/Fire      ####.        1%          1    None
 Throw Flame              Conj/Fire      ####..       2%          2    None
 Sticks to Snakes         Tmut           ####....     3%          2    None
 Conjure Flame            Conj/Fire      ####....     5%          3    None
 Inner Flame              Hex/Fire       ####....     6%          3    None
 Spider Form              Tmut/Pois      ####......   6%          3    None
 Airstrike                Air            #####.....   8%          4    ###....
 Sticky Flame             Conj/Fire      ####....     19%         4    ###....
 Ice Form                 Ice/Tmut       ####....     21%         4    ###....
 Lightning Bolt           Conj/Air       #####.....   30%         5    #####..
 Fireball                 Conj/Fire      ####......   45%         5    #####..
 Blade Hands              Tmut           ####......   50%         5    #####..


Dungeon Overview and Level Annotations

Branches:
Dungeon (10/15)            Temple (1/1) D:7            Lair (1/6) D:9
    Orc (0/2) D:10

Altars:
Ashenzari
Cheibriados
Dithmenos
Elyvilon
Fedhas
Gozag
Hepliaklqana
Kikubaaqudgha
Makhleb
Nemelex Xobeh
Okawaru
Qazlal
Ru
Sif Muna
Trog
Uskayaw
Vehumet
Wu Jian
Xom
Yredelemnul
Zin
The Shining One
Beogh

Shops:
D:4 =   D:5 ?(!%   D:6 *   D:10 [

Annotations:
D:5 3 runed translucent doors, Amanar's ghost, amateur NaVM


Innate Abilities, Weirdness & Mutations

Your experience applies equally to all skills.
You have very sharp teeth.
Your uncanny sense of smell can sniff out nearby items.


Message History

The five-headed hydra bites you but does no damage. x2
You block the spiny frog's attack.
You slice one of the five-headed hydra's heads off!
The flame cauterises the wound!
You hit the four-headed hydra. You burn the four-headed hydra.
The four-headed hydra is moderately wounded.
You closely miss the spiny frog.
You feel sick.
The four-headed hydra bites you but does no damage. x2
You block the four-headed hydra's attack.
The four-headed hydra bites you!
* * * LOW HITPOINT WARNING * * *
The spiny frog misses you.
You chop one of the four-headed hydra's heads off!
The flame cauterises the wound!
You slash the three-headed hydra! You burn the three-headed hydra.
The three-headed hydra is heavily wounded.
You hit the spiny frog but do no damage.
* * * LOW HITPOINT WARNING * * *
You feel sick. The spiny frog stings you!
You die...

.......#######....####..
..P##..#..#P.#..........
.. #...................
. ##........F..........
..##.........D..........
.......P########........
.......P#..####.........
........................
..###...........@.......
. #..........F.D......
#...................
#...##..............
#...................
.....................
.....................
..................


You could see a three-headed hydra and a spiny frog.

Vanquished Creatures
  A two-headed ogre (D:10)
  An elephant (D:9)
  A spiny frog (Lair:1)
  A kobold demonologist (D:8)
  A queen bee (D:9)
  4 trolls
  Grinder (D:4)
  A hippogriff (D:7)
  Sigmund (D:4)
  A yak (D:9)
  A hungry ghost (D:10)
  Edmund (D:5)
  Duvessa (D:4)
  3 orc warriors (D:10)
  An eye of draining (D:10)
  A sky beast (D:8)
  A hornet zombie (D:5)
  An ice beast (D:7)
  9 ogres
  5 centaurs
  2 crocodiles (D:9)
  9 big kobolds
  3 bullfrogs
  2 gnoll sergeants (D:10)
  Dowan (D:4)
  3 scorpions
  23 killer bees (D:9)
  7 crimson imps
  5 hounds
  A quasit (D:6)
  Crazy Yiuf (D:6)
  7 jellies
  An orc wizard (D:3)
  3 orc priests
  2 bullfrog skeletons (D:5)
  A centaur skeleton (D:5)
  Jessica (D:3)
  2 iguanas
  9 worker ants
  2 worker ant zombies
  Robin (D:3)
  3 gnolls (D:10)
  16 adders
  A howler monkey skeleton (D:4)
  3 shadow imps
  6 oozes
  An adder skeleton (D:4)
  2 worms
  A dart slug (D:1)
  11 leopard geckos
  33 orcs
  11 bats
  9 giant cockroaches
  19 goblins
  7 hobgoblins
  16 jackals
  16 kobolds
  4 quokkas
  2 ball pythons
  6 frilled lizards
  A quokka skeleton (D:6)
  A quokka zombie (D:4)
  6 rats
  A fungus (D:6)
299 creatures vanquished.

Notes
Turn   | Place    | Note
-------+----------+-------------------------------------------
     0 | D:1      | Kagalorn the Gnoll Air Elementalist began the quest for the
                  | Orb.
     0 | D:1      | Reached XP level 1. HP: 13/13 MP: 6/6
    68 | D:1      | Reached XP level 2. HP: 19/19 MP: 2/7
   445 | D:1      | Reached XP level 3. HP: 25/25 MP: 7/9
   501 | D:1      | Reached skill level 5 in Spellcasting
   714 | D:2      | Reached skill level 1 in Invocations
   782 | D:2      | Reached skill level 1 in Fighting
   782 | D:2      | Reached skill level 1 in Short Blades
   782 | D:2      | Reached skill level 1 in Long Blades
   782 | D:2      | Reached skill level 1 in Axes
   782 | D:2      | Reached skill level 1 in Maces & Flails
   782 | D:2      | Reached skill level 1 in Polearms
   782 | D:2      | Reached skill level 1 in Staves
   782 | D:2      | Reached skill level 1 in Slings
   782 | D:2      | Reached skill level 1 in Bows
   782 | D:2      | Reached skill level 1 in Crossbows
   782 | D:2      | Reached skill level 1 in Throwing
   782 | D:2      | Reached skill level 1 in Armour
   782 | D:2      | Reached skill level 1 in Shields
   782 | D:2      | Reached skill level 1 in Unarmed Combat
   782 | D:2      | Reached skill level 1 in Evocations
   919 | D:2      | Reached XP level 4. HP: 32/32 MP: 9/11
  1018 | D:2      | Found a sacrificial altar of Ru.
  1063 | D:2      | Found an ancient bone altar of Kikubaaqudgha.
  1063 | D:2      | Found a white marble altar of Elyvilon.
  1175 | D:2      | Learned a level 3 spell: Static Discharge
  1178 | D:2      | Learned a level 2 spell: Swiftness
  1178 | D:2      | Found a hazy altar of Hepliaklqana.
  1426 | D:3      | You fall into a shaft and drop 2 floors!
  1426 | D:5      | Entered Level 5 of the Dungeon
  1426 | D:5      | Found Womioquk's Magic Scroll Emporium.
  1429 | D:5      | Noticed Edmund
  1475 | D:3      | Reached skill level 1 in Hexes
  1475 | D:3      | Reached skill level 1 in Charms
  1475 | D:3      | Reached skill level 1 in Summonings
  1475 | D:3      | Reached skill level 1 in Necromancy
  1475 | D:3      | Reached skill level 1 in Translocations
  1475 | D:3      | Reached skill level 1 in Transmutations
  1475 | D:3      | Reached skill level 1 in Fire Magic
  1475 | D:3      | Reached skill level 1 in Ice Magic
  1475 | D:3      | Reached skill level 1 in Earth Magic
  1475 | D:3      | Reached skill level 1 in Poison Magic
  1532 | D:3      | Noticed Jessica
  1543 | D:3      | Killed Jessica
  1543 | D:3      | Reached XP level 5. HP: 37/37 MP: 1/12
  2007 | D:3      | Noticed Robin
  2026 | D:3      | Killed Robin
  2064 | D:3      | Reached XP level 6. HP: 44/44 MP: 4/13
  2124 | D:4      | Found a stormy altar of Qazlal.
  2138 | D:4      | Found Juth's Jewellery Emporium.
  2282 | D:4      | Noticed Duvessa
  2302 | D:4      | Noticed Sigmund
  2314 | D:4      | Killed Sigmund
  2314 | D:4      | Reached skill level 5 in Dodging
  2314 | D:4      | Reached XP level 7. HP: 29/50 MP: 7/15
  2474 | D:4      | Noticed a fire elemental
  2474 | D:4      | Noticed a water elemental
  2474 | D:4      | Noticed an air elemental
  2477 | D:4      | Noticed Grinder
  2506 | D:4      | Killed Grinder
  2654 | D:4      | Noticed Dowan
  2659 | D:4      | Killed Duvessa
  2659 | D:4      | Reached skill level 5 in Stealth
  2662 | D:4      | Killed Dowan
  2671 | D:4      | Reached XP level 8. HP: 23/57 MP: 0/16
  3076 | D:5      | Found an ancient bone altar of Kikubaaqudgha.
  3105 | D:5      | Found a runed translucent gate.
  3213 | D:5      | Found a runed translucent gate.
  3213 | D:5      | Found a runed translucent gate.
  3214 | D:5      | Found a roughly hewn altar of Beogh.
  3215 | D:5      | Identified the +7 great sword of Evo Tiar {speed, *Slow
                  | rN+++ Dex-3 SInv}
  3216 | D:5      | Noticed Amanar's ghost (amateur NaVM)
  3216 | D:5      | Identified the +7 hunting sling "Odavuih" {velocity, Dex+2}
  3341 | D:5      | Found Gem Ymen's Distillery.
  3355 | D:5      | Bought a potion of lignification for 33 gold pieces
  3355 | D:5      | Bought a potion of brilliance for 44 gold pieces
  3364 | D:5      | Reached skill level 6 in Spellcasting
  3373 | D:5      | Found Faup's Antique Weapon Shoppe.
  3391 | D:5      | Noticed a troll
  3466 | D:5      | Found Vemyr's Food Shop.
  3546 | D:5      | Killed a troll
  3795 | D:5      | Killed Edmund
  3863 | D:5      | Reached XP level 9. HP: 62/65 MP: 15/18
  3877 | D:5      | Bought a scroll of identify for 22 gold pieces
  3877 | D:5      | Bought a scroll of fog for 22 gold pieces
  3877 | D:5      | Bought a scroll of teleportation for 33 gold pieces
  3877 | D:5      | Bought a scroll of blinking for 82 gold pieces
  3877 | D:5      | Bought a scroll of teleportation for 33 gold pieces
  4579 | D:6      | Found Gazeu's Assorted Antiques.
  4676 | D:6      | Found a runed translucent door.
  4677 | D:6      | Noticed Crazy Yiuf
  4686 | D:6      | Killed Crazy Yiuf
  4762 | D:7      | Found a staircase to the Ecumenical Temple.
  4772 | Temple   | Entered the Ecumenical Temple
  4907 | Temple   | Became a worshipper of Sif Muna the Loreminder
  4953 | D:7      | Got a translucent buckler
  4959 | D:7      | Identified the +4 buckler "Seathrop" {-Cast Int+5 Dex+5}
                  | (You found it on level 7 of the Dungeon)
  5660 | D:7      | Reached skill level 5 in Invocations
  5912 | D:8      | Found a shattered altar of Ashenzari.
  5955 | D:8      | Reached * piety under Sif Muna
  6065 | D:8      | Noticed a kobold demonologist
  6087 | D:8      | Reached XP level 10. HP: 73/73 MP: 0/20
  6094 | D:8      | Killed a kobold demonologist
  6094 | D:8      | Reached skill level 7 in Spellcasting
  6301 | D:8      | Reached skill level 5 in Fighting
  6301 | D:8      | Reached skill level 5 in Short Blades
  6301 | D:8      | Reached skill level 5 in Long Blades
  6301 | D:8      | Reached skill level 5 in Axes
  6301 | D:8      | Reached skill level 5 in Maces & Flails
  6301 | D:8      | Reached skill level 5 in Polearms
  6301 | D:8      | Reached skill level 5 in Staves
  6301 | D:8      | Reached skill level 5 in Slings
  6301 | D:8      | Reached skill level 5 in Bows
  6301 | D:8      | Reached skill level 5 in Crossbows
  6301 | D:8      | Reached skill level 5 in Throwing
  6301 | D:8      | Reached skill level 5 in Armour
  6301 | D:8      | Reached skill level 5 in Shields
  6301 | D:8      | Reached skill level 5 in Unarmed Combat
  6301 | D:8      | Reached skill level 5 in Evocations
  6540 | D:8      | Found a shadowy altar of Dithmenos.
  6617 | D:8      | Reached ** piety under Sif Muna
  7296 | D:9      | Reached skill level 5 in Conjurations
  7624 | D:9      | Found a staircase to the Lair.
  7625 | D:9      | Noticed an elephant
  7648 | D:9      | Killed an elephant
  7755 | D:9      | Found a burning altar of Makhleb.
  8041 | D:10     | Entered Level 10 of the Dungeon
  8073 | D:10     | Reached XP level 11. HP: 81/81 MP: 20/22
  8340 | D:10     | Found a staircase to the Orcish Mines.
  8387 | D:10     | Reached *** piety under Sif Muna
  8863 | D:10     | Reached skill level 5 in Hexes
  8863 | D:10     | Reached skill level 5 in Charms
  8863 | D:10     | Reached skill level 5 in Summonings
  8863 | D:10     | Reached skill level 5 in Necromancy
  8863 | D:10     | Reached skill level 5 in Translocations
  8863 | D:10     | Reached skill level 5 in Transmutations
  8863 | D:10     | Reached skill level 5 in Fire Magic
  8863 | D:10     | Reached skill level 5 in Ice Magic
  8863 | D:10     | Reached skill level 5 in Earth Magic
  8863 | D:10     | Reached skill level 5 in Poison Magic
  8974 | D:10     | Noticed a two-headed ogre
  8994 | D:10     | Killed a two-headed ogre
  8994 | D:10     | Reached skill level 8 in Spellcasting
  9017 | D:10     | Found Ruixorr's Antique Armour Shop.
  9044 | D:10     | Bought a pair of runed boots for 225 gold pieces
  9223 | Lair:1   | Entered Level 1 of the Lair of Beasts
  9266 | Lair:1   | Noticed a seven-headed hydra
  9403 | Lair:1   | Slain by a spiny frog

Levels and vault maps discovered:
D:1:      enne_arrival_octagon_isle, layout_loops_ring, hex_large
D:2:      layout_rooms, lemuel_doored_altar, gammafunk_temple_overflow_wave,
          hangedman_ru_absence
D:3:      minmay_diamond_boxcup, layout_loops_ring, first_ration, st_stairs_7,
          kennysheep_generic_room_12, uniq_jessica, uniq_robin
D:4:      layout_rooms, serial_shops, shop, nicolae_qazlal_style_of_elements,
          uniq_grinder, uniq_duvessa, uniq_sigmund
D:5:      layout_loops_ring, basic_altar, serial_shops, nicolae_shop_waterfront,
          nicolae_shop_stone, nicolae_shop_window_shopping, shop,
          biasface_ghost_orc_armoury, uniq_edmund
D:6:      layout_cave_pools, serial_shops, kennysheep_mini_moat,
          uniq_crazy_yiuf_cottage
D:7:      layout_loops_cross, minmay_temple_entry_ruins
D:8:      layout_rooms, lemuel_coloured_pillars_altar,
          nicolae_overflow_crystal_walls, special_room [special_room_kobold],
          hangedman_little_slice_of_home
D:9:      layout_roguey [special_room_bee], david_lair_generic, bloody_makhleb
D:10:     layout_rooms, kennysheep_orc_monster_closet_entryway, serial_shops,
          nicolae_shop_trees
Temple:   nicolae_temple_elliptical
Lair:1:   layout_small_grid, st_stairs_5, grunt_megastairs_1

Skill      XL: |  1  2  3  4  5  6  7  8  9 10 11 |
---------------+----------------------------------+-----
Conjurations   | 2 3 4 5 |  5.6
Spellcasting   | 5 6 7 8 |  8.0
Invocations    | 1 2 3 4 5 6 |  6.8
Fighting       | 1 2 3 4 5 6 |  6.2
Short Blades   | 1 2 3 4 5 6 |  6.2
Long Blades    | 1 2 3 4 5 6 |  6.2
Axes           | 1 2 3 4 5 6 |  6.2
Maces & Flails | 1 2 3 4 5 6 |  6.2
Polearms       | 1 2 3 4 5 6 |  6.2
Staves         | 1 2 3 4 5 6 |  6.2
Slings         | 1 2 3 4 5 6 |  6.2
Bows           | 1 2 3 4 5 6 |  6.2
Crossbows      | 1 2 3 4 5 6 |  6.2
Throwing       | 1 2 3 4 5 6 |  6.2
Armour         | 1 2 3 4 5 6 |  6.2
Shields        | 1 2 3 4 5 6 |  6.2
Unarmed Combat | 1 2 3 4 5 6 |  6.2
Evocations     | 1 2 3 4 5 6 |  6.2
Hexes          | 1 2 3 4 5 |  5.1
Charms         | 1 2 3 4 5 |  5.1
Summonings     | 1 2 3 4 5 |  5.1
Necromancy     | 1 2 3 4 5 |  5.1
Translocations | 1 2 3 4 5 |  5.1
Transmutations | 1 2 3 4 5 |  5.1
Fire Magic     | 1 2 3 4 5 |  5.1
Ice Magic      | 1 2 3 4 5 |  5.1
Earth Magic    | 1 2 3 4 5 |  5.1
Poison Magic   | 1 2 3 4 5 |  5.1
Dodging        | 5 6 7 |  7.8
Stealth        | 5 6 7 |  7.5
Air Magic      | 6 7 |  7.6

Action                   |  1- 3 |  4- 6 |  7- 9 | 10-12 || total
-------------------------+-------+-------+-------+-------++-------
Melee: Dagger            |     4 |     9 |     9 |       ||    22
       Bite              |     2 |     2 |     1 |    11 ||    16
       Flail             |       |       |    36 |   100 ||   136
       Punch             |       |       |     1 |     1 ||     2
       Hand axe          |       |       |       |     5 ||     5
Throw: Dart              |       |       |     6 |     4 ||    10
 Cast: Shock             |    53 |   117 |   271 |   302 ||   743
       Swiftness         |       |     1 |     1 |     3 ||     5
       Static Discharge  |       |       |    12 |     7 ||    19
  Use: Potion            |       |       |     1 |     2 ||     3
       Scroll            |       |       |    11 |     2 ||    13
 Stab: Sleeping          |       |       |     3 |     1 ||     4
       Distracted        |       |       |       |     1 ||     1
  Eat: Chunk             |       |     4 |     8 |     4 ||    16
       Ration            |       |       |     1 |     3 ||     4
Armor: Robe              |     5 |     8 |    18 |       ||    31
       Ring mail         |       |       |    16 |   114 ||   130
Dodge: Dodged            |    10 |    42 |   121 |   218 ||   391
Block: Buckler           |       |       |       |    33 ||    33

Table legend:
 A = Non-vault XP
 B = Vault XP
 C = Vault XP percentage of total XP
 D = Non-vault monster count
 E = Vault monster count
 F = Vault count percentage of total count
                 A         B        C        D         E       F
            +---------+---------+-------+---------+---------+-------
      Total |    7033 |    6266 |  47.1 |     199 |      99 |  33.2
            +---------+---------+-------+---------+---------+-------
        D:1 |      40 |       0 |   0.0 |      21 |       0 |   0.0
        D:2 |      73 |       0 |   0.0 |      25 |       0 |   0.0
        D:3 |     100 |     124 |  55.4 |      27 |      23 |  46.0
        D:4 |     213 |     714 |  77.0 |      18 |       4 |  18.2
        D:5 |    1252 |     158 |  11.2 |      17 |       1 |   5.6
        D:6 |     384 |      44 |  10.3 |      11 |       1 |   8.3
        D:7 |    1069 |     105 |   8.9 |      27 |       2 |   6.9
        D:8 |     575 |    1025 |  64.1 |      18 |      20 |  52.6
        D:9 |     682 |    2625 |  79.4 |      11 |      28 |  71.8
       D:10 |    2248 |    1471 |  39.6 |      23 |      20 |  46.5
     Lair:1 |     397 |       0 |   0.0 |       1 |       0 |   0.0
            +---------+---------+-------+---------+---------+-------
